 Dungeon Crawl Stone Soup version 0.26-a0-771-g060e6a62af (webtiles) character file.

Game seed: 6927645303701339851

81 KristoblXynda the Skirmisher (level 4, -3/40 HPs)
             Began as a Draconian Berserker on Nov 8, 2020.
             Was a Believer of Trog.
             Slain by Natasha (8 damage)
             ... on level 3 of the Dungeon.
             The game lasted 00:02:05 (1146 turns).

KristoblXynda the Skirmisher (Draconian Berserker)  Turns: 1146, Time: 00:02:06

Health: -3/40      AC:  5    Str: 19    XL:     4   Next: 19%
Magic:  4/4        EV: 13    Int:  8    God:    Trog [**....]
Gold:   57         SH:  0    Dex: 11    Spells: 3/3 levels left

rFire    . . .     SeeInvis .   a - +0 falchion
rCold    . . .     Faith    .   (no shield)
rNeg     . . .     Spirit   .   (armour unavailable)
rPois    .         Reflect  .   (helmet restricted)
rElec    .         Harm     .   e - scarf {shadows}
rCorr    .         Rampage  .   (no gloves)
MR       .....                  (no boots)
Stlth    +.........             (no amulet)
HPRegen  0.13/turn              b - ring of wizardry (curse)
MPRegen  0.09/turn              (no ring)

@: berserk cooldown, attractive
A: unfitting armour, cold-blooded, AC +5
a: Berserk, Trog's Hand, Renounce Religion


You were on level 3 of the Dungeon.
You worshipped Trog.
Trog was pleased with you.
You visited 1 branch of the dungeon, and saw 4 of its levels.

You collected 57 gold pieces.

Inventory:

Hand Weapons
 a - a +0 falchion (weapon)
Armour
 e - a scarf of shadows (worn)
Jewellery
 b - a cursed ring of wizardry (left hand)
Scrolls
 c - a scroll of teleportation {unknown}
Potions
 d - a potion of mutation


   Skills:
 + Level 4.1 Fighting
 + Level 3.7 Long Blades
 + Level 3.4 Dodging


You had 3 spell levels left.
You didn't know any spells.
Your spell library was empty.

Dungeon Overview and Level Annotations

Branches:
Dungeon (4/15)
 Temple: D:4-7

Altars:

Annotations:
D:3 Natasha
D:4 Purgy


Innate Abilities, Weirdness & Mutations

Your plain brown scales are hard. (AC +5)
You cannot fit into any form of body armour.
You are cold-blooded and may be slowed by cold attacks.


Message History

You are no longer berserk.
You are exhausted.
You feel yourself slow down.
You start resting.
Natasha, Servant of Life and Death comes into view.
Natasha casts a spell.
Unknown command.
There are monsters nearby!
Natasha casts a spell at you.
The magic dart hits you but does no damage.
It was a potion of cancellation.
Your magical effects are unravelling.
You feel magically purged.
You feel yourself speed up.
Natasha casts a spell.
It was a potion of attraction.
You feel attractive to monsters. Natasha is pulled toward you!
The crimson imp is pulled toward you! Natasha claws you!
You die...

#...........# #.#########.###
#.# #...# #.# ###.# #.# #.#
#.###########.#
#.#.........#.#######
+....................
#.##@#............###
#.##h#..#...#.##.####
..##5#.###..#........
#########5#......#........
#............†............
#..................#......
#..................#######
#########.##.5............
#.##########.##......####...#


You could see Natasha, a crimson imp (summoned) and a shadow imp (summoned).

Vanquished Creatures
  Natasha (twice) (D:3)
  An ooze (D:3)
  An orc (D:3)
  A giant cockroach (D:1)
  4 goblins (D:1)
  A hobgoblin (D:1)
  2 bats (D:1)
  A frilled lizard (D:1)
  8 kobolds
  8 rats
29 creatures vanquished.

Notes
Turn   | Place    | Note
-------+----------+-------------------------------------------
     0 | D:1      | KristoblXynda the Draconian Berserker began the quest for
                  | the Orb.
     0 | D:1      | Reached XP level 1. HP: 19/19 MP: 1/1
   207 | D:1      | Reached XP level 2. HP: 26/26 MP: 2/2
   797 | D:2      | You fall into a shaft and drop 2 floors!
   810 | D:4      | Noticed Purgy
  1007 | D:3      | Noticed Natasha
  1016 | D:3      | Killed Natasha
  1016 | D:3      | Reached skill level 4 in Fighting
  1016 | D:3      | Reached XP level 3. HP: 11/33 MP: 3/3
  1033 | D:3      | Noticed Natasha
  1121 | D:3      | HP: 1/49 [Natasha (8)]
  1124 | D:3      | Killed Natasha
  1124 | D:3      | Reached ** piety under Trog
  1124 | D:3      | Reached XP level 4. HP: 2/40 MP: 4/4
  1139 | D:3      | Noticed Natasha
  1146 | D:3      | Slain by Natasha

Illustrated notes

Levels and vault maps discovered:
D:1:      dpeg_arrival_court, layout_loops_ring
D:2:      layout_basic
D:3:      cheibrodos_thug_alley, layout_basic, lightli_temple_of_fire,
          minmay_misc_feat_hallway, uniq_natasha
D:4:      layout_basic, serial_shops, nicolae_shop_waterfront,
          nicolae_shop_behind_doors, shop, gammafunk_ghost_gnarly_gnolls,
          tgw_fedhas, uniq_purgy

Skill      XL: |  1  2 |
---------------+-------+-----
Dodging        | 3 |  3.4
Fighting       | 4 |  4.1
Long Blades    | |  3.7

Action                   |  1- 3 |  4- 6 || total
-------------------------+-------+-------++-------
Melee: Falchion          |    67 |       ||    67
       Tailslap          |     8 |       ||     8
Invok: Berserk           |     2 |       ||     2
  Use: Scroll            |     2 |       ||     2
       Potion            |       |     2 ||     2
 Stab: Sleeping          |     1 |       ||     1
Armor: Skin              |    13 |     1 ||    14
Dodge: Dodged            |    32 |       ||    32
       Rpst.: Falchion   |     9 |       ||     9

Table legend: (Time is in decaauts)
 A = Elapsed time spent in this place.
 B = Non-inter-level travel time spent in this place.
 C = Inter-level travel time spent in this place.
 D = Time resting spent in this place.
 E = Time spent auto-exploring this place.
 F = Levels seen in this place.
 G = Mean time per level.
                   A        B        C        D        E       F      G
               +--------+--------+--------+--------+--------+-----+--------+
         Total |   1171 |   1152 |     19 |    101 |    779 |   4 |  292.8 |
       Dungeon |   1171 |   1152 |     19 |    101 |    779 |   4 |  292.8 |
               +--------+--------+--------+--------+--------+-----+--------+

Top non-repeatable levels by time:
     D:1: 800 daAuts
     D:3: 353 daAuts
     D:4: 15 daAuts
     D:2: 1 daAuts
